 Dungeon Crawl Stone Soup version 0.25.1-2-g60ff931df9 (webtiles) character file.

Game seed: 11457343407195771866

4124 Tyszek the Unseen (level 10, -3/44 HPs)
             Began as a Spriggan Enchanter on Aug 30, 2020.
             Was a Believer of Ashenzari.
             Slain by a kobold
             ... wielding a +0 whip
              (4 damage)
             ... on level 9 of the Dungeon.
             The game lasted 00:47:50 (13321 turns).

Tyszek the Unseen (Spriggan Enchanter)             Turns: 13321, Time: 00:47:51

Health: -3/44      AC:  3    Str:  4    XL:     10   Next: 6%
Magic:  15/15      EV: 18    Int: 18    God:    Ashenzari [**....]
Gold:   203        SH:  0    Dex: 19    Spells: 5/14 levels left

rFire    . . .     SeeInvis +   i - +2 dagger (venom)
rCold    . . .     Gourm    .   (shield restricted)
rNeg     . . .     Faith    .   m - +1 animal skin
rPois    .         Spirit   .   (helmet restricted)
rElec    .         Reflect  .   (no cloak)
rCorr    +         Harm     .   (gloves unavailable)
MR       +....                  (boots unavailable)
Stlth    +++++++...             y - amulet of the acrobat
HPRegen  0.14/turn              f - ring of stealth
MPRegen  0.14/turn              w - ring of resist corrosion

@: very quick
A: very small, unfitting armour, see invisible, herbivore, speed 3, slow
metabolism 2
a: Curse Item, Scrying, Renounce Religion


You were on level 9 of the Dungeon.
You worshipped Ashenzari.
Ashenzari was pleased with you.
You were not hungry.

You visited 2 branches of the dungeon, and saw 10 of its levels.

You collected 273 gold pieces.
You spent 70 gold pieces at shops.

Inventory:

Hand Weapons
 a - a +1 dagger
 i - a +2 dagger of venom (weapon)
 s - a +0 vampiric short sword
 z - the cursed +1 short sword of Rotation {pain, *Contam *Slow rF+++ Int+5}
   (You took it off a big kobold on level 6 of the Dungeon)

   In the hands of one skilled in necromantic magic, it inflicts extra damage on
   living creatures.
   It affects your intelligence (+5).
   It renders you almost immune to fire.
   It causes magical contamination when unequipped.
   It may slow you when you take damage.
   It has a curse placed upon it.
Armour
 b - a +0 robe
 m - a +1 animal skin (worn)
 t - +0 steam dragon scales
Jewellery
 e - an uncursed ring of fire
 f - a ring of stealth (left hand)
 w - a ring of resist corrosion (right hand)
 y - an amulet of the acrobat (around neck)
Wands
 k - a wand of flame (25)
 C - a wand of iceblast (6)
 D - a wand of digging (5)
Scrolls
 c - 2 scrolls of immolation
 j - 7 scrolls of remove curse
 l - 2 scrolls of blinking
 n - 4 scrolls of fog
 o - 2 scrolls of teleportation
 A - a scroll of magic mapping
Potions
 g - a potion of flight
 h - 2 potions of curing
 p - a potion of stabbing
 q - a potion of haste
 r - a potion of invisibility
 u - a potion of magic {unknown}
 B - 3 potions of cancellation
Comestibles
 d - 3 rations


   Skills:
 * Level 8.8 Short Blades
 - Level 3.0 Dodging
 + Level 15.5 Stealth
 - Level 2.9 Spellcasting
 + Level 8.2 Hexes
 - Level 1.0 Ice Magic


You had 5 spell levels left.
You knew the following spells:

 Your Spells              Type           Power        Failure   Level  Hunger
a - Corona                Hex            ####...      1%          1    None
b - Ensorcelled Hibernat  Hex/Ice        ###...       3%          2    ##.....
c - Confusing Touch       Hex            ####....     1%          3    ###....
d - Dazzling Flash        Conj/Hex       ###...       9%          3    ###....

Your spell library contained the following spells:

 Spells                   Type           Power        Failure   Level  Hunger
 Tukima's Dance           Hex            ####....     1%          3    ###....


Dungeon Overview and Level Annotations

Branches:
Dungeon (9/15)             Temple (1/1) D:5
   Lair: D:8-11         Orc: D:9-12

Altars:
Ashenzari
Cheibriados
Dithmenos
Elyvilon
Fedhas
Gozag
Hepliaklqana
Kikubaaqudgha
Nemelex Xobeh
Okawaru
Qazlal
Ru
Sif Muna
Trog
Uskayaw
Vehumet
Wu Jian
Xom
Yredelemnul
Zin
The Shining One

Shops:
D:4 %   D:6 =


Innate Abilities, Weirdness & Mutations

You are very small and have problems with some larger weapons.
You are too small for most types of armour.
You have supernaturally acute eyesight. (SInv)
You are a herbivore.
You cover ground extremely quickly.
You need to consume almost no food.


Message History

The big kobold is lightly wounded.
The kobold closely misses you. The big kobold closely misses you.
You hit the big kobold but do no damage.
The big kobold is moderately wounded.
The kobold hits you but does no damage. The kobold completely misses you.
The kobold hits you with a +0 short sword.
The kobold barely misses you.
You barely miss the big kobold.
The big kobold is heavily wounded.
The big kobold hits you but does no damage.
You hit the big kobold but do no damage.
The big kobold is heavily wounded.
The orc warrior hits you with a +0 dire flail!!
* * * LOW HITPOINT WARNING * * *
The kobold hits you with a +0 short sword.
* * * LOW HITPOINT WARNING * * *
The kobold hits you with a +0 short sword.
* * * LOW HITPOINT WARNING * * *
The kobold hits you with a +0 whip.
You die...

, , ##.* ,, ,
...##.
##########.##...
#.....)....#....
#...............
,
#.......o.......
* *
#.....(oKKo.....
*
#......(@KK.....
#.......KK......
#.<.........$(..
#.......$!......
############....
#... ###


You could see an orc warrior, a big kobold (extremely poisoned), 2 orcs and 5
kobolds.

Vanquished Creatures
  Maggie (D:8)
  The ghost of Doot the Destroyer, a novice TeCj (D:6)
  Prince Ribbit (D:6)
  Sigmund (D:2)
  2 ice beasts
  An orc warrior (D:8)
  4 sky beasts
  A black bear (D:6)
  2 phantoms
  2 ogres
  A centaur (D:7)
  10 big kobolds
  Blork the orc (D:6)
  3 wights (D:7)
  4 howler monkeys
  A crimson imp (D:5)
  A centaur zombie (D:6)
  A bullfrog zombie (D:7)
  3 bullfrog skeletons
  A jelly (D:6)
  A hound (D:7)
  5 orc wizards
  2 orc priests
  Jessica (D:2)
  Natasha (thrice) (D:2)
  2 worker ants (D:4)
  5 hound skeletons
  A worker ant zombie (D:5)
  Robin (D:3)
  6 gnolls
  A howler monkey skeleton (D:7)
  6 adders
  A shadow imp (D:8)
  4 adder skeletons
  6 worms
  3 dart slugs
  9 leopard geckos
  13 orcs
  2 giant cockroaches
  12 goblins
  14 hobgoblins
  12 jackals
  8 kobolds
  6 quokkas
  7 bats
  5 frilled lizards
  2 jackal skeletons
  A quokka skeleton (D:4)
  12 rats
193 creatures vanquished.

Notes
Turn   | Place    | Note
-------+----------+-------------------------------------------
     0 | D:1      | Tyszek the Spriggan Enchanter began the quest for the Orb.
     0 | D:1      | Reached XP level 1. HP: 9/9 MP: 5/5
   639 | D:1      | Reached XP level 2. HP: 13/13 MP: 6/6
  1047 | D:1      | Found a shattered altar of Ashenzari.
  1064 | D:1      | Became a worshipper of Ashenzari the Shackled
  1076 | D:1      | Reached skill level 5 in Stealth
  1704 | D:1      | Learned a level 2 spell: Ensorcelled Hibernation
  1777 | D:2      | Noticed Sigmund
  1794 | D:2      | Reached XP level 3. HP: 16/16 MP: 5/8
  1838 | D:2      | Killed Sigmund
  1838 | D:2      | Reached skill level 8 in Stealth
  1838 | D:2      | Reached XP level 4. HP: 9/21 MP: 3/9
  1838 | D:2      | Reached XP level 5. HP: 11/24 MP: 3/10
  2020 | D:2      | Noticed Jessica
  2056 | D:2      | Killed Jessica
  2191 | D:2      | Noticed Natasha
  2199 | D:2      | Found a shadowy altar of Dithmenos.
  2666 | D:2      | Found an ancient bone altar of Kikubaaqudgha.
  2752 | D:2      | Killed Natasha
  2752 | D:2      | Reached XP level 6. HP: 24/28 MP: 2/11
  2769 | D:2      | Noticed Natasha
  2775 | D:2      | Killed Natasha
  2825 | D:2      | Noticed Natasha
  2830 | D:2      | Killed Natasha
  2830 | D:2      | Reached skill level 9 in Stealth
  2830 | D:2      | Reached skill level 1 in Ice Magic
  3710 | D:3      | Noticed Robin
  4378 | D:3      | Killed Robin
  5184 | D:4      | Found Ollaur's Food Shoppe.
  5189 | D:4      | Bought a ration for 70 gold pieces
  5293 | D:4      | Reached skill level 10 in Stealth
  5509 | D:4      | Reached XP level 7. HP: 32/32 MP: 7/12
  5574 | D:4      | Reached * piety under Ashenzari
  5891 | D:4      | Found a sacrificial altar of Ru.
  6221 | D:3      | Learned a level 3 spell: Confusing Touch
  6554 | D:4      | Found a shimmering blue altar of Sif Muna.
  6962 | D:5      | Entered Level 5 of the Dungeon
  7437 | D:5      | Found a staircase to the Ecumenical Temple.
  7442 | Temple   | Entered the Ecumenical Temple
  7763 | D:5      | Found a blossoming altar of Fedhas.
  8326 | D:6      | Reached skill level 11 in Stealth
  8390 | D:6      | Reached skill level 5 in Short Blades
  8405 | D:6      | Found Fibimusa's Jewellery Shoppe.
  8439 | D:6      | Noticed Blork the orc
  8461 | D:6      | Killed Blork the orc
  8461 | D:6      | Reached XP level 8. HP: 36/36 MP: 8/13
  8530 | D:6      | Found a runed translucent gate.
  8530 | D:6      | Found a runed translucent gate.
  8530 | D:6      | Found a runed translucent gate.
  8613 | D:6      | Identified the cursed +1 short sword of Rotation {pain,
                  | *Contam *Slow rF+++ Int+5}
  8615 | D:6      | Noticed Doot's ghost (novice TeCj)
  8706 | D:6      | Reached skill level 5 in Hexes
  8718 | D:6      | Killed Doot's ghost
  8718 | D:6      | Reached skill level 12 in Stealth
  9006 | D:6      | Reached ** piety under Ashenzari
  9165 | D:6      | Noticed Prince Ribbit
  9167 | D:6      | Killed Prince Ribbit
  9167 | D:6      | Reached skill level 13 in Stealth
  9320 | D:5      | Reached XP level 9. HP: 14/39 MP: 11/14
 10035 | D:7      | Reached skill level 14 in Stealth
 10106 | D:6      | Learned a level 3 spell: Dazzling Flash
 11870 | D:7      | Found a sparkling altar of Nemelex Xobeh.
 11871 | D:7      | Found a bloodstained altar of Trog.
 11872 | D:7      | Found a radiant altar of Vehumet.
 12218 | D:7      | Reached skill level 15 in Stealth
 12292 | D:7      | Found a glowing golden altar of the Shining One.
 13244 | D:8      | Noticed Maggie
 13247 | D:8      | Killed Maggie
 13247 | D:8      | Reached XP level 10. HP: 44/44 MP: 15/15
 13321 | D:9      | HP: 1/44 [kobold/+0 short sword (4)]
 13321 | D:9      | Slain by a kobold

Illustrated notes

Levels and vault maps discovered:
D:1:      saegor_arrival_simple_e, layout_loops_corners, ashenzari_altar_1
D:2:      layout_rooms, overflow_temple_1_default, kiku_gazebo_garden_becter,
          kennysheep_jessica_study, uniq_natasha, uniq_sigmund
D:3:      layout_loops_corners, minmay_crystal_room, uniq_robin
D:4:      layout_basic, nicolae_overflow_crystal_walls, serial_shops, shop,
          nicolae_ru_sacrificial_ziggurat
D:5:      layout_loops_corners, temple_doors_e, first_ration, basic_altar
D:6:      layout_loops_corners, gammafunk_ghost_nasty_kobolds, serial_shops,
          nicolae_shop_stone, uniq_blork_the_orc, uniq_prince_ribbit1
D:7:      layout_loops_ring, tso_altar, grunt_temple_overflow_open
D:8:      layout_basic, kennysheep_another_room, uniq_maggie
D:9:      layout_rooms, lightli_temple_of_fire, basic_altar, hangedman_ranch
          [blue_anna_fruit_fields], worms_lemuel
Temple:   cyrus_circular_temple

Skill      XL: |  1  2  3  4  5  6  7  8  9 |
---------------+----------------------------+-----
Hexes          | 4 6 8 |  8.2
Stealth        | 5 8 10 11 13 15 | 15.5
Short Blades   | 3 5 6 8 |  8.8
Ice Magic      | 1 |  1.0
Dodging        | |  3.0
Spellcasting   | |  2.9

Action                   |  1- 3 |  4- 6 |  7- 9 | 10-12 || total
-------------------------+-------+-------+-------+-------++-------
Melee: Dagger            |    80 |   148 |   430 |    26 ||   684
 Cast: Corona            |     4 |       |     6 |       ||    10
       Ensorcelled Hiber |     3 |    71 |    72 |       ||   146
       Confusing Touch   |       |       |     6 |       ||     6
       Dazzling Flash    |       |       |     1 |       ||     1
  Use: Scroll            |     4 |     4 |     8 |       ||    16
       Potion            |       |     3 |     1 |       ||     4
 Stab: Sleeping          |    13 |    50 |    57 |       ||   120
       Confused          |       |       |     5 |       ||     5
       Distracted        |       |       |     3 |       ||     3
       Invisible         |       |       |     1 |       ||     1
  Eat: Ration            |       |     3 |     7 |       ||    10
Armor: Robe              |     3 |    13 |       |       ||    16
       Animal skin       |       |     4 |    28 |     4 ||    36
Dodge: Dodged            |    47 |   131 |   206 |    19 ||   403
